Map: Frost LE

Players

llllllllllll - Winner!

  • Race: Protoss Protoss
  • League: Diamond

TerranYOUup

  • Race: Terran Terran
  • League: Diamond

VOD

Have the link to the VOD?

Description

Time

  • Played on: Sept. 18, 2016, 6:29 p.m.
  • Length: 10:19
Show
View Real Time Build Order
Export as new Build Order

llllllllllll Protoss - Winner!

Build Orders:  

Get SALT Encoding   

  12  0:09  Probe (Chrono Boost)  
  13  0:19  Probe (Chrono Boost)  
  13  0:20  Pylon  
  14  0:30  Probe (Chrono Boost)  
  15  0:40  Probe (Chrono Boost)  
  15  0:42  Gateway  
  16  0:51  Probe (Chrono Boost)  
  17  1:01  Probe (Chrono Boost)  
  18  1:10  Assimilator  
  18  1:12  Probe (Chrono Boost)  
  18  1:14  Assimilator  
  19  1:22  Pylon, Probe (Chrono Boost)  
  20  1:33  Probe (Chrono Boost)  
  21  1:43  Probe (Chrono Boost)  
  23  1:54  Probe (Chrono Boost), Nexus  
  23  2:02  Cybernetics Core  
  23  2:05  Probe (Chrono Boost)  
  24  2:12  Pylon  
  24  2:18  Probe (Chrono Boost)  
  25  2:28  Pylon  
  25  2:30  Probe (Chrono Boost)  
  25  2:36  Stalker  
  30  2:45  Mothership Core (Chrono Boost)  
  30  2:47  Pylon  
  30  3:03  Stalker  
  30  3:05  Pylon, Probe (Chrono Boost)  
  33  3:17  Probe (Chrono Boost)  
  33  3:19  Probe (Chrono Boost)  
  35  3:25  Stargate  
  35  3:29  Probe (Chrono Boost)  
  37  3:42  Probe x2 (Chrono Boost)  
  37  3:47  Assimilator  
  38  3:49  Assimilator  
  38  3:52  Probe (Chrono Boost)  
  38  3:54  Probe (Chrono Boost)  
  40  4:03  Probe (Chrono Boost)  
  40  4:06  Stargate  
  41  4:12  Pylon  
  41  4:14  Pylon  
  41  4:17  Pylon  
  36  4:44  Void Ray  
  38  4:50  Pylon, Void Ray  
  38  4:52  Pylon  
  42  4:57  Probe (Chrono Boost), Stargate  
  43  5:08  Probe (Chrono Boost)  
  43  5:09  Probe (Chrono Boost)  
  45  5:18  Probe (Chrono Boost)  
  45  5:20  Pylon  
  47  5:21  Probe (Chrono Boost)  
  47  5:26  Void Ray  
  51  5:29  Probe (Chrono Boost)  
  51  5:33  Probe (Chrono Boost), Void Ray  
  57  5:38  Pylon  
  57  5:39  Probe (Chrono Boost)  
  57  5:41  Void Ray  
  62  5:50  Probe (Chrono Boost)  
  62  5:52  Probe (Chrono Boost)  
  62  5:56  Protoss Air Weapons Level 1  
  64  6:00  Pylon  
  64  6:05  Pylon  
  64  6:09  Mothership Core (Chrono Boost)  
  66  6:13  Void Ray  
  66  6:14  Void Ray  
  70  6:24  Probe (Chrono Boost)  
  75  6:33  Void Ray  
  75  6:35  Probe (Chrono Boost)  
  80  6:47  Nexus  
  80  7:14  Void Ray  
  80  7:19  Void Ray  
  80  7:20  Void Ray  
  92  7:27  Pylon  
  92  7:30  Pylon  
  92  7:36  Fleet Beacon  
  92  7:47  Pylon  
  92  7:51  Void Ray  
  96  8:00  Probe (Chrono Boost)  
  96  8:02  Assimilator  
  97  8:06  Assimilator  
  97  8:10  Probe (Chrono Boost)  
  97  8:12  Void Ray  
  102  8:13  Void Ray  
  106  8:21  Probe (Chrono Boost)  
  107  8:34  Void Ray  
  107  9:12  Tempest x2  
  107  9:15  Tempest  
Show
View Real Time Build Order
Export as new Build Order

TerranYOUup Terran 

Build Orders: Command Center First (CC), MMM Bio 

Get SALT Encoding   

  12  0:01  SCV  
  13  0:13  SCV  
  14  0:34  SCV  
  15  0:46  Command Center  
  15  0:55  Supply Depot  
  15  1:17  SCV  
  16  1:24  Barracks  
  16  1:26  Refinery  
  16  1:29  SCV  
  17  1:41  SCV  
  18  1:55  SCV  
  18  1:58  SCV  
  20  2:11  Orbital Command x2  
  20  2:12  Marine  
  21  2:16  Bunker  
  21  2:27  Factory  
  21  2:30  Marine  
  22  2:37  Refinery, SCV x2  
  24  2:49  Marine, Supply Depot  
  25  2:51  SCV  
  25  2:52  SCV  
  27  3:00  Supply Depot  
  28  3:05  SCV x2  
  28  3:07  Marine  
  28  3:10  Factory Tech Lab  
  30  3:14  Starport  
  30  3:19  SCV  
  31  3:23  Bunker  
  31  3:25  Marine  
  32  3:29  SCV  
  32  3:31  SCV  
  34  3:34  Siege Tank  
  34  3:35  Orbital Command  
  37  3:48  Marine  
  37  3:52  Viking  
  37  3:55  Supply Depot  
  40  4:09  Starport  
  39  4:22  Marine  
  39  4:23  Viking  
  41  4:27  SCV  
  41  4:32  Barracks  
  35  4:39  Marine  
  36  4:47  Siege Tank  
  39  4:53  Barracks  
  39  4:54  Command Center  
  39  4:55  Barracks  
  39  4:57  Marine  
  40  5:07  Viking  
  40  5:08  SCV  
  40  5:09  SCV  
  40  5:12  Refinery  
  44  5:19  Siege Tank, Barracks Tech Lab  
  47  5:26  Barracks Tech Lab  
  47  5:28  SCV x2  
  49  5:44  SCV x2  
  53  5:53  Barracks Tech Lab  
  51  5:57  Barracks Reactor  
  51  5:59  Barracks Reactor  
  51  6:04  Starport Reactor  
  50  6:08  Orbital Command  
  50  6:10  Engineering Bay  
  50  6:18  Stimpack, Combat Shields  
  50  6:28  Barracks  
  50  6:30  SCV  
  50  6:31  SCV  
  52  6:37  Missile Turret x2  
  52  6:38  Missile Turret  
  52  6:42  Refinery, SCV  
  52  6:43  SCV  
  52  6:46  Viking  
  52  6:47  Viking  
  50  7:09  Marine  
  50  7:10  Marine x3  
  52  7:19  Orbital Command  
  52  7:34  Missile Turret  
  52  7:35  Missile Turret x2  
  52  7:36  Missile Turret  
  52  7:40  Barracks Reactor  
  52  7:42  Marine x2  
  52  7:43  Marine x3  
  57  7:45  Viking  
  57  7:50  SCV  
  60  7:57  SCV  
  61  8:02  Missile Turret  
  61  8:08  SCV  
  61  8:10  Missile Turret  
  62  8:15  Supply Depot  
  62  8:18  Supply Depot  
  62  8:35  SCV  
  62  8:37  SCV  
  62  8:40  Medivac x2  
  62  8:41  Marine x3  
  68  8:47  SCV  
  71  8:48  Barracks  
  71  8:52  Barracks  
  71  8:56  Marine  
  71  8:59  Marine x2  
  74  9:08  Marine  
  75  9:14  Medivac, Marine  
  78  9:23  Supply Depot  
  78  9:25  Supply Depot  
  78  9:26  Medivac, Marine x2  
  82  9:32  Command Center  
  52  9:48  Marine x3  
  52  9:49  Marine  
Tags
 
Add a new tag
Caveats
  • Supply blocks, unpowered buildings, or Contaminate may cause inaccurate times.
  • Supply counts are checked every 10 seconds.